 Dungeon Crawl Stone Soup version 0.31-a0-986-g5e6e4ef867 (webtiles) character file.

Game seed: 2245471445035381909

6543 Curundu the Cleaver (level 10, 0/88 HPs)
             Began as a Pale Draconian Berserker on Nov 9, 2023.
             Was a High Priest of Trog.
             Slain by a gnoll sergeant
             ... wielding a +2 spear of freezing
              (2 damage)
             ... on level 9 of the Dungeon.
             The game lasted 01:25:55 (10220 turns).

Curundu the Cleaver (Pale Draconian Berserker)     Turns: 10220, Time: 01:25:55

Health: 0/88       AC:  9    Str: 21    XL:     10   Next: 70%
Magic:  10/10      EV: 18    Int:  9    God:    Trog [*****.]
Gold:   492        SH:  8    Dex: 12    Spells: 9/9 levels left

rFire   + . .        C - +3 long sword
rCold   . . .        A - +0 kite shield
rNeg    . . .        (body armour unavailable)
rPois   .            (helmet restricted)
rElec   .            (no cloak)
rCorr   .            s - +0 pair of gloves
SInv    .            t - +0 pair of boots
Will    .....        (no amulet)
Stlth   +++          e - +5 ring of evasion
HPRegen 0.34/turn    c - ring of protection from fire
MPRegen 0.12/turn

%: no passive effects
@: short of breath, slowed, very slow
A: breathe steam, AC +7, unfitting armour, cold-blooded, steam resistance
a: Breathe Steam, Renounce Religion, Berserk, Trog's Hand, Brothers in Arms


You were on level 9 of the Dungeon.
You worshipped Trog.
Trog was extremely pleased with you.
You visited 1 branch of the dungeon, and saw 9 of its levels.

You collected 492 gold pieces.

Inventory:

Hand Weapons
 a - a +0 falchion of freezing
 h - a +2 hand axe of venom
 k - a +2 dagger of speed
 B - a +4 battleaxe of freezing
 C - a +3 long sword (weapon)
 G - a +5 dire flail
Armour
 s - a +0 pair of gloves (worn)
 t - a +0 pair of boots (worn)
 A - a +0 kite shield (worn)
 H - an orb of guile
Jewellery
 c - a ring of protection from fire (right hand)
 e - a +5 ring of evasion (left hand)
 x - a ring of ice
Wands
 o - a wand of paralysis (19)
Scrolls
 b - a scroll of revelation
 d - 3 scrolls of blinking {unknown}
 f - a scroll of fear {unknown}
 n - 2 scrolls of noise {unknown}
 q - a scroll of poison {unknown}
 r - a scroll of identify
 w - 2 scrolls of teleportation {unknown}
 y - a scroll of amnesia {unknown}
 D - a scroll of acquirement {unknown}
 E - a scroll of enchant weapon {unknown}
 I - a scroll of enchant armour {unknown}
 J - a scroll of immolation {unknown}
Potions
 g - a potion of lignification
 i - 2 potions of haste
 j - a potion of enlightenment {unknown}
 l - 2 potions of attraction
 m - 2 potions of heal wounds
 p - 2 potions of curing {unknown}
 u - a potion of magic {unknown}
 v - a potion of mutation {unknown}
 z - a potion of resistance {unknown}
 F - 2 potions of might {unknown}


   Skills:
 + Level 7.7 Fighting
 + Level 6.5 Long Blades
 + Level 9.1 Axes
 + Level 7.8 Dodging
 + Level 5.4 Stealth
 + Level 3.4 Shields
 + Level 1.5 Evocations


You had 9 spell levels left.
You didn't know any spells.
Your spell library contained the following spells:

 Spells                   Type           Power      Damage    Failure   Level
 Kiss of Death            Conj/Necr      0%         2d5       67%         1
 Magic Dart               Conj           0%         1d3       67%         1
 Cigotuvi's Dreadful Rot  Necr/Pois/Air  0%         N/A       82%         2
 Searing Ray              Conj           0%         2d4       82%         2
 Confusing Touch          Hex            0%         N/A       96%         3
 Ignite Poison            Fire/Tmut/Pois 0%         N/A       96%         3
 Dispel Undead            Necr           0%         3d6       100%        4
 Fulminant Prism          Conj/Hex       0%         3d5       100%        4
 Alistair's Intoxication  Tmut/Pois      0%         N/A       100%        5
 Borgnjor's Vile Clutch   Necr/Erth      0%         N/A       100%        5
 Freezing Cloud           Conj/Ice/Air   0%         6-21      100%        5
 Death Channel            Necr           0%         N/A       100%        6
 Eringya's Noxious Bog    Tmut/Pois      0%         4d6       100%        6


Dungeon Overview and Level Annotations

Branches:
Dungeon (9/15)             Temple (0/1) D:5
   Lair: D:8-11         Orc: D:9-12

Altars:
Dithmenos
Makhleb
Okawaru
Qazlal
Sif Muna
Zin


Innate Abilities, Weirdness & Mutations

You can breathe blasts of scalding, opaque steam.
Your pale cyan-grey scales are hard. (AC +7)
You cannot fit into any form of body armour.
You are cold-blooded and may be slowed by cold attacks.
You are immune to the effects of steam.


Message History

The yak is moderately wounded.
The yak gores you!
* * * LOW HITPOINT WARNING * * *
You slash the yak!
The yak is heavily wounded.
The yak gores you but does no damage.
You slash the yak!
The yak is severely wounded.
You block the yak's attack.
You barely miss the yak.
The yak is severely wounded.
You block the yak's attack. The yak gores you but does no damage.
You slash the yak!
The yak is almost dead.
You feel less wooden.
Your +0 pair of gloves unmelds from your body.
Your +0 pair of boots unmelds from your body.
The yak barely misses you.
You hit the yak.
You kill the yak!
Trog accepts your kill.
A gnoll sergeant is nearby!
The gnoll sergeant attacks as it pursues you!
The gnoll sergeant hits you from afar with a +2 spear of freezing!
* * * LOW HITPOINT WARNING * * *
You feel yourself slow down. The gnoll sergeant freezes you.
* * * LOW HITPOINT WARNING * * *
Aiming: Breathe Steam (1% risk of failure)
Press: ? - help, Q - select action, (/) - cycle Shift-Dir - straight line You exhale a blast of scalding steam.
The ball of steam hits the gnoll sergeant!
The gnoll sergeant is heavily wounded.
The gnoll sergeant is engulfed in a cloud of scalding steam.
The gnoll sergeant barely misses you.
You feel yourself speed up.
The gnoll sergeant is engulfed in a cloud of scalding steam.
The gnoll sergeant hits you from afar with a +2 spear of freezing.
* * * LOW HITPOINT WARNING * * *
You feel yourself slow down. The gnoll sergeant freezes you.
You die...

#.###..#.)..................#
#..#....###.##.########.##
#.....#........## #......#
####....###.....# #.###..#
#.......#####..## #[#....#
#.##.##...# #§## #>#.##.#
#.##......# #g# #......#
#.#####...###.### ###.####
#.####).....@...# ###.#####
#.........#....<# #.......#
######.#.#......# #.#.###.#
#.#.#.....># #.#.###.#
#.#.#......# #.#..##.#
#†...#.##### #.##.##.#
#......# #####.##.##.#
###.######...........#
#........####.#.####


You could see a gnoll sergeant.

Vanquished Creatures
  2 two-headed ogres
  Joseph (D:8)
  A troll (D:9)
  A yak (D:9)
  A steam dragon (D:9)
  4 water moccasins
  2 ice beasts (D:7)
  2 orc warriors
  8 black bears
  2 ogres
  2 centaurs
  A kobold brigand (D:8)
  A phantom (D:6)
  4 bullfrogs
  5 scorpions
  12 wights (D:8)
  5 killer bees (D:9)
  2 howler monkeys
  6 hounds
  A jelly (D:6)
  4 orc priests
  A sleepcap (D:8)
  A gnoll bouda (D:5)
  Terence (D:3)
  10 orc wizards
  7 iguanas
  13 gnolls
  7 adders
  2 white imps
  2 ufetubi (D:6)
  2 worms
  4 dart slugs
  32 orcs
  5 endoplasms
  2 giant cockroaches (D:3)
  10 goblins
  4 hobgoblins
  4 jackals (D:1)
  11 quokkas
  10 ball pythons
  7 bats
  2 frilled lizards (D:1)
  10 kobolds
  12 rats
226 creatures vanquished.

Notes
Turn   | Place    | Note
-------+----------+-------------------------------------------
     0 | D:1      | Curundu the Draconian Berserker began the quest for the
                  | Orb.
     0 | D:1      | Reached XP level 1. HP: 19/19 MP: 1/1
   131 | D:1      | Reached XP level 2. HP: 22/26 MP: 2/2
   574 | D:1      | Reached ** piety under Trog
   882 | D:1      | Reached XP level 3. HP: 31/31 MP: 3/3
  1705 | D:2      | HP: 1/49 [frozen (4)]
  1707 | D:2      | Reached XP level 4. HP: 2/40 MP: 4/4
  2367 | D:3      | Identified the +2 robe "Sougug" {Int+2 Slay+3}
  2433 | D:3      | Reached XP level 5. HP: 39/46 MP: 5/5
  2437 | D:3      | Reached *** piety under Trog
  2518 | D:3      | Found a glowing drain.
  2650 | D:3      | Found a burning altar of Makhleb.
  2709 | D:3      | Noticed Terence
  2911 | D:3      | Killed Terence
  3423 | D:4      | Reached skill level 5 in Long Blades
  3427 | D:4      | Reached skill level 1 in Stealth
  3427 | D:4      | Reached XP level 6. HP: 27/52 MP: 6/6
  3535 | D:4      | Reached skill level 1 in Axes
  3563 | D:4      | Found a shadowy altar of Dithmenos.
  3819 | D:4      | Reached skill level 2 in Axes
  4048 | D:4      | Found a glowing silver altar of Zin.
  4150 | D:5      | Entered Level 5 of the Dungeon
  4374 | D:5      | Your scales start taking on a pale cyan-grey colour.
  4374 | D:5      | Reached XP level 7. HP: 45/60 MP: 7/7
  4374 | D:5      | Gained mutation: You are immune to the effects of steam.
                  | [Pale Draconian growth]
  4446 | D:5      | Reached **** piety under Trog
  4452 | D:5      | Found a staircase to the Ecumenical Temple.
  4501 | D:5      | Reached skill level 3 in Axes
  4553 | D:5      | Reached skill level 4 in Axes
  4656 | D:5      | Noticed a two-headed ogre
  4668 | D:5      | Killed a two-headed ogre
  4669 | D:5      | Reached skill level 5 in Fighting
  4669 | D:5      | Reached skill level 6 in Axes
  4669 | D:5      | Reached skill level 5 in Dodging
  4669 | D:5      | Reached XP level 8. HP: 50/69 MP: 8/8
  5217 | D:5      | Reached skill level 7 in Axes
  5987 | D:6      | Reached skill level 1 in Evocations
  5987 | D:6      | Reached XP level 9. HP: 70/75 MP: 9/9
  6155 | D:6      | Found a shimmering blue altar of Sif Muna.
  6994 | D:7      | Reached skill level 8 in Axes
  7463 | D:8      | Found a stormy altar of Qazlal.
  7479 | D:8      | Found an iron altar of Okawaru.
  8298 | D:8      | Noticed Joseph
  8325 | D:8      | Killed Joseph
  8326 | D:8      | Reached skill level 5 in Stealth
  8579 | D:8      | Reached XP level 10. HP: 72/83 MP: 10/10
  8794 | D:8      | Reached skill level 1 in Shields
  8803 | D:8      | Reached ***** piety under Trog
  9195 | D:8      | Reached skill level 9 in Axes
 10157 | D:9      | Noticed a two-headed ogre
 10187 | D:9      | Killed a two-headed ogre
 10220 | D:9      | HP: 2/88 [gnoll sergeant/+2 spear of freezing (6)]
 10220 | D:9      | Slain by a gnoll sergeant

Illustrated notes

Levels and vault maps discovered:
D:1:      elethiomel_arrival_maze, layout_basic, minmay_small_reverse_x
D:2:      kennysheep_six_static_rooms, layout_rooms
D:3:      layout_loops_ring, old_standard_altar, gup_sewer_entry_bowl,
          chequers_garden, uniq_terence
D:4:      layout_layer_cave, zin_treasury, nicolae_dithmenos_the_darkroom
D:5:      layout_basic, gammafunk_temple_overflow_wave,
          minmay_temple_entry_trees, minmay_bent
D:6:      layout_loops_ring, kennysheep_orc_sif_temple,
          kennysheep_generic_room_3
D:7:      layout_loops_cross, nicolae_eternal_life, eino_curves_02
D:8:      layout_loops_ring, okawaru_metal_pillars_1_2,
          nicolae_qazlal_general_emergency, dreamdust_wishing_well,
          small_statue_intersection, uniq_joseph
D:9:      layout_loops_cross, old_standard_altar, yredelemnul_altar_generic,
          due_lair_maze_entry_diamond

Skill      XL: |  1  2  3  4  5  6  7  8  9 10 |
---------------+-------------------------------+-----
Dodging        | 3 4 5 6 7 |  7.8
Long Blades    | 4 5 6 |  6.5
Fighting       | 4 5 6 7 |  7.7
Stealth        | 1 2 3 5 |  5.4
Axes           | 2 6 7 8 9 |  9.1
Evocations     | 1 |  1.5
Shields        | 3 |  3.4

Action                     |  1- 3 |  4- 6 |  7- 9 | 10-12 || total
---------------------------+-------+-------+-------+-------++-------
  Melee: Falchion          |   139 |    85 |       |       ||   224
         Tailslap          |    18 |    29 |    44 |    27 ||   118
         Punch             |     3 |       |     3 |       ||     6
         Hand axe          |       |   111 |   230 |    29 ||   370
         Long sword        |       |       |       |   149 ||   149
Ability: Breathe Steam     |       |       |    17 |     9 ||    26
  Evoke: Wand              |       |       |     1 |       ||     1
    Use: Scroll            |     2 |     1 |     2 |     2 ||     7
         Potion            |     1 |       |       |     2 ||     3
   Stab: Sleeping          |     1 |       |     3 |     1 ||     5
         Paralysed         |       |       |     4 |       ||     4
 Armour: Skin              |    79 |    71 |    92 |   164 ||   406
  Dodge: Dodged            |   114 |   190 |   181 |   169 ||   654
  Block: Kite shield       |       |       |    18 |   104 ||   122

Table legend: (Time is in decaauts)
 A = Elapsed time spent in this place.
 B = Non-inter-level travel time spent in this place.
 C = Inter-level travel time spent in this place.
 D = Time resting spent in this place.
 E = Time spent auto-exploring this place.
 F = Levels seen in this place.
 G = Mean time per level.
                   A        B        C        D        E       F      G
               +--------+--------+--------+--------+--------+-----+--------+
         Total |  10324 |  10324 |      0 |   2152 |      0 |   9 | 1147.1 |
       Dungeon |  10324 |  10324 |      0 |   2152 |      0 |   9 | 1147.1 |
               +--------+--------+--------+--------+--------+-----+--------+

Top non-repeatable levels by time:
     D:8: 1866 daAuts
     D:5: 1464 daAuts
     D:1: 1401 daAuts
     D:3: 1125 daAuts
     D:6: 1063 daAuts
     D:9: 943 daAuts
     D:2: 874 daAuts
     D:4: 811 daAuts
     D:7: 773 daAuts
